 Dungeon Crawl Stone Soup version 0.28.0-45-g0d030f2227 (webtiles) character file.

Game seed: 17345251952769134269

214 Kangaroobicon the Cutter (level 5, -7/75 HPs)
             Began as a Troll Brigand on Apr 14, 2022.
             Killed themself with a badly aimed iceblast (8 damage)
             ... on level 4 of the Dungeon.
             The game lasted 00:19:01 (1700 turns).

Kangaroobicon the Cutter (Troll Brigand)            Turns: 1700, Time: 00:19:01

Health: -7/75      AC: 22    Str: 19    XL:     5   Next: 60%
Magic:  4/4        EV:  1    Int:  7    God:
Gold:   112        SH:  0    Dex: 19    Spells: 4/4 levels left

rFire   . . .      SeeInvis .   a - +2 dagger
rCold   . . .      Faith    .   (no shield)
rNeg    . . .      Spirit   .   (armour currently unavailable)
rPois   +          Reflect  .   (helmet currently unavailable)
rElec   .          Harm     .   (cloak currently unavailable)
rCorr   +          Rampage  .   (gloves unavailable)
Will    .....      NoTele   +   (boots unavailable)
Stlth   ++........              (no amulet)
HPRegen 1.02/turn               m - ring of resist corrosion
MPRegen 0.09/turn               q - +6 ring of dexterity

@: tree-form
A: stationary, stasis, torment immunity, boosted hp, large, unfitting armour,
(claws 3), regeneration 1, (shaggy fur 1), (tough skin 1)
a: no special abilities


You were on level 4 of the Dungeon.
You were a tree.
You visited 1 branch of the dungeon, and saw 4 of its levels.

You collected 112 gold pieces.

Inventory:

Hand Weapons
 a - a +2 dagger (weapon)
 i - a +1 dagger of draining
 o - a +0 hunting sling
Missiles
 e - 2 curare-tipped darts (quivered)
 g - 119 stones
 j - 2 atropa-tipped darts
 p - 6 javelins
 r - 35 sling bullets
 u - 34 arrows
 v - 16 bolts
Armour
 b - a +0 robe (melded)
 c - a +0 cloak (melded)
Jewellery
 m - a ring of resist corrosion (left branch)
 q - a +6 ring of dexterity (right branch)
Wands
 l - a wand of iceblast (1)
Scrolls
 f - 4 scrolls of identify {unknown}
 h - 2 scrolls of teleportation {unknown}
 n - a scroll of immolation {unknown}
 s - a scroll of magic mapping {unknown}
Potions
 t - a potion of curing {unknown}


   Skills:
 + Level 2.5 Fighting
 + Level 3.1 Short Blades
 + Level 1.8 Throwing
 + Level 2.1 Dodging
 + Level 2.8 Stealth


You had 4 spell levels left.
You didn't know any spells.
Your spell library contained the following spells:

 Spells                   Type           Power      Damage    Failure   Level
 Static Discharge         Conj/Air       0%         N/A       56%         2
 Dispel Undead            Necr           0%         3d6       99%         4
 Sticky Flame             Conj/Fire      0%         2d3       99%         4


Dungeon Overview and Level Annotations

Branches:
Dungeon (4/15)
 Temple: D:4-7

Altars:
Ashenzari

Shops:
D:2 !


Innate Abilities, Weirdness & Mutations

You are a tree.
Your roots penetrate the ground, keeping you stationary.
You cannot be teleported.
You are immune to unholy pain and torment.
Your maximum health is greatly increased.
Your equipment is partially melded.
You are too large for most types of armour.
((You have claws for hands.))
Your natural rate of healing is unusually fast.
((You are covered in fur. (AC +1)))
((You have tough skin. (AC +1)))


Message History

Pikel burns you.
* * * LOW HITPOINT WARNING * * *
You hit Pikel.
Pikel is heavily wounded.
Pikel barely misses you.
You barely miss Pikel.
Pikel is heavily wounded.
You hit Pikel.
Pikel is heavily wounded.
Pikel barely misses you.
You hit Pikel but do no damage.
Pikel is heavily wounded.
Pikel hits you with a +1 whip of flaming.
* * * LOW HITPOINT WARNING * * *
Pikel burns you.
* * * LOW HITPOINT WARNING * * *
You closely miss Pikel.
Pikel is heavily wounded.
Pikel hits you with a +1 whip of flaming!
* * * LOW HITPOINT WARNING * * *
Pikel burns you.
* * * LOW HITPOINT WARNING * * *
It was a potion of lignification.
You turn into a tree.
Your +0 cloak melds into your body.
Your +0 robe melds into your body.
Your roots penetrate the ground.
Pikel hits you with a +1 whip of flaming.
* * * LOW HITPOINT WARNING * * *
Pikel burns you.
* * * LOW HITPOINT WARNING * * *
Unknown command.
Unknown command.
Aiming: Iceblast
Press: ? - help, Shift-Dir - straight line, f/p - Pikel
Aim: Pikel, wielding a +1 whip of flaming and wearing a +0 robe (heavily wounded)
The mass of ice explodes!
The iceblast engulfs Pikel!
You kill Pikel!
The iceblast engulfs the lemure!
The lemure is heavily wounded.
The iceblast engulfs you!
You die...

#....>..5..#
####....)..Z..#
............##
#..........#
#.........##
#........Z5#
#.......5.5##
#........##)#
###......##♣#
###########


You could see 2 lemures and a centaur skeleton.

Vanquished Creatures
  Pikel (D:4)
  A hound (D:3)
  Jessica (D:2)
  2 iguanas
  5 adders
  A worm (D:2)
  A dart slug (D:1)
  4 endoplasms
  A giant cockroach (D:1)
  7 goblins (D:1)
  7 hobgoblins
  2 jackals (D:1)
  3 quokkas (D:1)
  2 ball pythons
  9 bats
  4 frilled lizards
  3 kobolds
  6 rats
60 creatures vanquished.

Vanquished Creatures (others)
  5 withered plants (D:3)
5 creatures vanquished.

Grand Total: 65 creatures vanquished

Notes
Turn   | Place    | Note
-------+----------+-------------------------------------------
     0 | D:1      | Kangaroobicon the Troll Brigand began the quest for the
                  | Orb.
     0 | D:1      | Reached XP level 1. HP: 19/19 MP: 0/0
    53 | D:1      | Reached XP level 2. HP: 27/27 MP: 1/1
   214 | D:1      | Reached skill level 1 in Dodging
   268 | D:1      | Reached XP level 3. HP: 35/35 MP: 2/2
   513 | D:2      | Reached skill level 2 in Short Blades
   574 | D:2      | Noticed Jessica
   589 | D:2      | Killed Jessica
   590 | D:2      | Reached XP level 4. HP: 29/42 MP: 3/3
   615 | D:2      | Found Jynnox Zeck's Distillery.
   926 | D:3      | Found a broken altar of Ashenzari.
   983 | D:3      | Reached XP level 5. HP: 50/50 MP: 4/4
  1325 | D:3      | Found a faded altar of an unknown god.
  1413 | D:3      | Reached skill level 3 in Short Blades
  1641 | D:4      | Noticed a lemure
  1642 | D:4      | Noticed a lemure
  1643 | D:4      | Noticed Pikel
  1647 | D:4      | Noticed a lemure
  1649 | D:4      | Noticed a lemure
  1698 | D:4      | HP: 2/50 [Pikel/+1 whip of flaming (1)]
  1700 | D:4      | Killed Pikel
  1700 | D:4      | Killed themself with a badly aimed iceblast

Illustrated notes

Levels and vault maps discovered:
D:1:      lightli_arrival_isolated_outpost, layout_rooms
D:2:      layout_rooms, serial_shops, nicolae_square_shop, uniq_jessica
D:3:      layout_loops_cross, lemuel_coloured_pillars_altar,
          shapermc_ecumenical_altar_flowoftime, minmay_diced_spiral
D:4:      layout_cave_pods, slow_altar_2, uniq_pikel

Skill      XL: |  1  2  3  4  5 |
---------------+----------------+-----
Dodging        | 1 2 |  2.1
Fighting       | 2 |  2.5
Short Blades   | 2 3 |  3.1
Throwing       | |  1.8
Stealth        | |  2.8

Action                   |  1- 3 |  4- 6 || total
-------------------------+-------+-------++-------
Melee: Dagger            |   143 |   154 ||   297
       Punch             |     1 |       ||     1
Throw: Dart              |       |    12 ||    12
  Use: Potion            |       |     1 ||     1
 Stab: Sleeping          |     3 |     2 ||     5
       Distracted        |       |     1 ||     1
Armor: Robe              |    86 |    34 ||   120
Dodge: Dodged            |    86 |    68 ||   154
